 Dungeon Crawl Stone Soup version 0.29-a0-330-g52719c12eb (webtiles) character file.

Game seed: 18205662838957133651

9 Iscandelvey the Conjurer (level 2, 16/19 HPs)
             Began as a Demonspawn Conjurer on Apr 14, 2022.
             Quit the game on level 1 of the Dungeon.
             The game lasted 00:00:54 (478 turns).

Iscandelvey the Conjurer (Demonspawn Conjurer)       Turns: 478, Time: 00:00:55

Health: 16/19      AC:  9    Str:  7    XL:     2   Next: 3%
Magic:  5/5        EV: 12    Int: 19    God:
Gold:   15         SH:  4    Dex: 11    Spells: 4/5 levels left

rFire   . . .      SeeInvis .   e - +0 dagger (protect)
rCold   . . .      Faith    .   (no shield)
rNeg    . . .      Spirit   .   a - +0 robe
rPois   .          Reflect  .   (no helmet)
rElec   .          Harm     .   (no cloak)
rCorr   .          Rampage  .   (no gloves)
Will    .....                   (no boots)
Stlth   ++........              (no amulet)
HPRegen 0.06/turn               (no ring)
MPRegen 0.09/turn               (no ring)

@: under a protective aura
A: large bone plates 1
a: no special abilities


You were on level 1 of the Dungeon.
You visited 1 branch of the dungeon, and saw 1 of its levels.

You collected 15 gold pieces.

Inventory:

Hand Weapons
 e - a +0 dagger of protection (weapon)
Armour
 a - a +0 robe (worn)
Scrolls
 d - a scroll of blinking {unknown}
 f - a scroll of immolation {unknown}
Potions
 b - a potion of magic
 c - a potion of ambrosia {unknown}


   Skills:
 + Level 2.0 Dodging
 + Level 2.0 Stealth
 + Level 2.1 Spellcasting
 + Level 4.1 Conjurations


You had 4 spell levels left.
You knew the following spells:

 Your Spells              Type           Power      Damage    Failure   Level
a - Magic Dart            Conj           68%        1d6       3%          1

Your spell library contained the following spells:

 Spells                   Type           Power      Damage    Failure   Level
 Searing Ray              Conj           34%        2d5       4%          2
 Dazzling Flash           Conj/Hex       18%        N/A       22%         3
 Fulminant Prism          Conj/Hex       4%         3d6       56%         4
 Iskenderun's Mystic Bla  Conj/Tloc      9%         2d4       56%         4


Dungeon Overview and Level Annotations

Branches:
Dungeon (1/15)

Altars:


Innate Abilities, Weirdness & Mutations

You are partially covered in large bone plates. (SH +4)


Message History

Unknown command.
A goblin comes into view.
It is wielding a +0 dagger of protection.
A goblin is nearby!
Casting: Magic Dart (safe; 3% risk of failure)
Confirm with . or Enter, or press ? or * to list all spells.
Aiming: Magic Dart (safe; 3% risk of failure)
Press: ? - help, Shift-Dir - straight line, f - goblin
Aim: a goblin, wielding a +0 dagger of protection (asleep, 100% to hit)
The magic dart hits the goblin but does no damage.
A goblin is nearby!
A goblin is nearby!
The magic dart hits the goblin.
You kill the goblin!
You can't see any susceptible monsters within range! (Use Z to cast anyway.)
d - a scroll labelled PUARICR XORAIB You see here a +0 dagger of protection.
e - a +0 dagger of protection Your +0 dagger of protection hums with potential!
e - a +0 dagger of protection (weapon)
f - a scroll labelled EBROUBRUUN You open the door.
There is an open door here.
Key pressed, stopping explore.
No target in view!
A goblin comes into view. It is wielding a +0 club.
The goblin shouts!
A goblin is nearby!
A goblin is nearby!
The goblin completely misses you.
A goblin is nearby!
You barely miss the goblin. The goblin hits you with a +0 club.
A goblin is nearby!
You hit the goblin.
Your weapon exudes an aura of protection.
You kill the goblin!
Your Dodging skill increases to level 2!
You have reached level 2!
Your demonic ancestry asserts itself...
Large bone plates grow over parts of your arms.
Are you sure you want to abandon this character and quit the game? (Confirm with "yes".)

#................#
#................#
##........#######.#
.'.....>..# .#
##........# .# #........#
.# #........# ##.#
##........######..+#####
.....รท..........@)......
################........
#########


There were no monsters in sight!

Vanquished Creatures
  2 goblins (D:1)
  2 hobgoblins (D:1)
  A ball python (D:1)
  3 bats (D:1)
8 creatures vanquished.

Notes
Turn   | Place    | Note
-------+----------+-------------------------------------------
     0 | D:1      | Iscandelvey the Demonspawn Conjurer began the quest for the
                  | Orb.
     0 | D:1      | Reached XP level 1. HP: 13/13 MP: 3/3
   478 | D:1      | Gained mutation: You are partially covered in large bone
                  | plates. (SH +4) [demonic ancestry]
   478 | D:1      | Reached XP level 2. HP: 16/19 MP: 5/5
   478 | D:1      | Quit the game

Illustrated notes

Levels and vault maps discovered:
D:1:      minmay_arrival_split_and_join, layout_basic, minivault_11

Skill      XL: |  1 |
---------------+----+-----
Stealth        | 2 |  2.0
Dodging        | 2 |  2.0
Spellcasting   | |  2.1
Conjurations   | |  4.1

Action                   || total
-------------------------++-------
Melee: Unarmed           ||     4
       Dagger            ||     2
 Cast: Magic Dart        ||    15
Armor: Robe              ||     5
Dodge: Dodged            ||     9

Table legend: (Time is in decaauts)
 A = Elapsed time spent in this place.
 B = Non-inter-level travel time spent in this place.
 C = Inter-level travel time spent in this place.
 D = Time resting spent in this place.
 E = Time spent auto-exploring this place.
 F = Levels seen in this place.
 G = Mean time per level.
                   A        B        C        D        E       F      G
               +--------+--------+--------+--------+--------+-----+--------+
         Total |    477 |    477 |      0 |    168 |    258 |   1 |  477.0 |
       Dungeon |    477 |    477 |      0 |    168 |    258 |   1 |  477.0 |
               +--------+--------+--------+--------+--------+-----+--------+

Top non-repeatable levels by time:
     D:1: 477 daAuts
